 Dungeon Crawl Stone Soup version 0.31-a0-1227-g0136665373 (webtiles) character file.

Game seed: 2624710086501254343

69 Iich the Trooper (level 4, -1/35 HPs)
             Began as a Demonspawn Fighter on Dec 14, 2023.
             Killed from afar by an orc wizard (10 damage)
             ... with a puff of flame
             ... on level 3 of the Dungeon.
             The game lasted 00:02:39 (1465 turns).

Iich the Trooper (Demonspawn Fighter)               Turns: 1465, Time: 00:02:39

Health: -1/35      AC:  6    Str: 18    XL:     4   Next: 2%
Magic:  4/4        EV:  9    Int:  8    God:
Gold:   165        SH: 10    Dex: 13    Spells: 3/3 levels left

rFire   . . .        a - +0 war axe
rCold   . . .        c - +0 buckler
rNeg    . . .        b - +0 scale mail
rPois   .            (no helmet)
rElec   .            (no cloak)
rCorr   .            (no gloves)
SInv    .            (no boots)
Will    +....        (no amulet) Stlth
                     j - ring of willpower
HPRegen 0.25/turn    (no ring)
MPRegen 0.09/turn

%: no passive effects
@: no status effects
A: large bone plates 2
a: no special abilities


You were on level 3 of the Dungeon.
You visited 1 branch of the dungeon, and saw 3 of its levels.

You collected 165 gold pieces.

Inventory:

Hand Weapons
 a - a +0 war axe (weapon)
Armour
 b - a +0 scale mail (worn)
 c - a +0 buckler (worn)
Jewellery
 j - a ring of willpower (left hand)
Scrolls
 f - a scroll of fog
 g - a scroll of enchant armour {unknown}
 k - a scroll of amnesia {unknown}
 t - 2 scrolls of teleportation
Potions
 d - 3 potions of might
 e - a potion of curing {unknown}
 i - a potion of heal wounds {unknown}


   Skills:
 + Level 3.5 Fighting
 * Level 3.1 Axes
 - Level 2.6 Armour
 + Level 1.4 Dodging
 - Level 2.6 Shields


You had 3 spell levels left.
You didn't know any spells.
Your spell library contained the following spells:

 Spells                   Type           Power      Damage    Failure   Level
 Summon Small Mammal      Summ           0%         N/A       87%         1
 Call Canine Familiar     Summ           0%         N/A       99%         3
 Summon Guardian Golem    Hex/Summ       0%         N/A       99%         3


Dungeon Overview and Level Annotations

Branches:
Dungeon (3/15)

Altars:


Innate Abilities, Weirdness & Mutations

You are mostly covered in large bone plates. (SH +6)


Message History

You closely miss the orc. You block the orc's attack.
You hit the orc but do no damage. The orc hits you with a +0 dagger.
You take 3 damage, and have 26/29 hp.
You barely miss the orc. You block the orc's attack.
You hit the orc.
The orc is heavily wounded.
You block the orc's attack.
You slash the orc!
You kill the orc!
You have reached level 4!
You feel agile.
Your demonic ancestry asserts itself...
Large bone plates spread over more of your arms.
You regained 6 hp, and now have 32/35 hp.
MP restored: 4 You miss something.
You miss something. Something hits you but does no damage.
Unknown command.
You slash something!
You hear some strange, mumbled words.
A magic dart appears from out of thin air!
The magic dart hits you!
* * * LOW HITPOINT WARNING * * *
You block something's attack.
You take 12 damage, and have 21/35 hp. !!!!--MASSIVE DAMAGE--!!!!
You closely miss something. Something hits you but does no damage.
You barely miss something.
You hear some strange, mumbled words.
A puff of flame appears from out of thin air!
The puff of flame hits you!
* * * LOW HITPOINT WARNING * * *
You take 12 damage, and have 9/35 hp. !!!!--MASSIVE DAMAGE--!!!!
Unknown command.
You barely miss something. Something hits you but does no damage.
You hear some strange, mumbled words.
A puff of flame appears from out of thin air!
The puff of flame hits you!
You die...

...............
.................#
....#..#..###.....
....#.............
.......#..###..#.#
.......#..# #..#K#
..........# #..#o#
....#.....# #..#{#
....#.#...###..#@#
...............#.#
.................#
...##.#..#####.###
......#... .....
...##.#..# ###.###
.... ..# .### #.#
#. #.#


You could see an orc and a kobold.

Vanquished Creatures
  An adder (D:2)
  A worm (D:3)
  4 orcs
  2 endoplasms
  2 giant cockroaches
  5 hobgoblins (D:1)
  7 jackals
  2 quokkas
  6 ball pythons
  7 bats
  3 frilled lizards
  6 kobolds
  5 rats
51 creatures vanquished.

Notes
Turn   | Place    | Note
-------+----------+-------------------------------------------
     0 | D:1      | Iich the Demonspawn Fighter began the quest for the Orb.
     0 | D:1      | Reached XP level 1. HP: 18/18 MP: 1/1
   184 | D:1      | Gained mutation: You are partially covered in large bone
                  | plates. (SH +4) [demonic ancestry]
   184 | D:1      | Reached XP level 2. HP: 24/24 MP: 2/2
   774 | D:2      | Reached skill level 1 in Dodging
   798 | D:2      | Reached XP level 3. HP: 28/28 MP: 3/3
   840 | D:2      | Identified the +1 leather armour of Analysis {Fly rCorr
                  | Str-5}
  1460 | D:3      | Gained mutation: You are mostly covered in large bone
                  | plates. (SH +6) [demonic ancestry]
  1460 | D:3      | Reached XP level 4. HP: 32/35 MP: 4/4
  1465 | D:3      | Killed from afar by an orc wizard

Illustrated notes

Levels and vault maps discovered:
D:1:      minmay_arrival_five_plusses, layout_loops_ring
D:2:      layout_loops_ring
D:3:      minmay_skewed_foursquare, layout_basic,
          shapermc_ecumenical_altar_notcrosses, grunt_decor_arrowhead

Skill      XL: |  1  2  3 |
---------------+----------+-----
Axes           | 2 3 |  3.1
Dodging        | 1 |  1.4
Fighting       | |  3.5
Armour         | |  2.6
Shields        | |  2.6

Action                     |  1- 3 |  4- 6 || total
---------------------------+-------+-------++-------
  Melee: War axe           |   147 |     6 ||   153
    Use: Scroll            |     2 |       ||     2
 Armour: Scale mail        |   103 |     6 ||   109
  Dodge: Dodged            |    66 |       ||    66
  Block: Buckler           |    57 |     1 ||    58

Table legend: (Time is in decaauts)
 A = Elapsed time spent in this place.
 B = Non-inter-level travel time spent in this place.
 C = Inter-level travel time spent in this place.
 D = Time resting spent in this place.
 E = Time spent auto-exploring this place.
 F = Levels seen in this place.
 G = Mean time per level.
                   A        B        C        D        E       F      G
               +--------+--------+--------+--------+--------+-----+--------+
         Total |   1527 |   1487 |     40 |      0 |   1133 |   3 |  509.0 |
       Dungeon |   1527 |   1487 |     40 |      0 |   1133 |   3 |  509.0 |
               +--------+--------+--------+--------+--------+-----+--------+

Top non-repeatable levels by time:
     D:1: 735 daAuts
     D:2: 660 daAuts
     D:3: 131 daAuts
